 Dungeon Crawl Stone Soup version 0.28-a0-834-g1a73be5ee4 (webtiles) character file.

Game seed: 2758286829327369807

7 vurker the Gusty (level 1, 0/7 HPs)
             Began as a Felid Air Elementalist on Nov 11, 2021.
             Slain by a jackal (2 damage)
             ... on level 1 of the Dungeon.
             The game lasted 00:00:28 (417 turns).

vurker the Gusty (Felid Air Elementalist)            Turns: 417, Time: 00:00:28

Health: 0/7        AC:  1    Str:  4    XL:     1   Next: 83%
Magic:  1/4        EV: 17    Int: 16    God:
Gold:   19         SH:  0    Dex: 16    Spells: 3/4 levels left
                                        Lives:  0   Deaths: 0

rFire   . . .      SeeInvis +   (weapon unavailable)
rCold   . . .      Faith    .   (shield unavailable)
rNeg    . . .      Spirit   .   (armour unavailable)
rPois   .          Reflect  .   (helmet unavailable)
rElec   .          Harm     .   (cloak unavailable)
rCorr   .          Rampage  .   (gloves unavailable)
Will    .....                   (boots unavailable)
Stlth   ++........              (no amulet)
HPRegen 0.02/turn               (no ring)
MPRegen 0.09/turn               (no ring)

@: quick
A: very small, claws 1, fangs 3, see invisible, speed 1, shaggy fur 1, stealthy
paws, no weapons or thrown items, no armour, multi-lived
a: no special abilities


You were on level 1 of the Dungeon.
You visited 1 branch of the dungeon, and saw 1 of its levels.

You collected 19 gold pieces.

Inventory:

Scrolls
 b - 2 scrolls of teleportation {unknown}
 f - a scroll of blinking {unknown}
Potions
 a - a potion of heal wounds {unknown}
 c - a potion of berserk rage {unknown}
 d - a potion of ambrosia {unknown}
 e - a potion of curing {unknown}
 g - 2 potions of resistance {unknown}


   Skills:
 + Level 0.3 Fighting
 - Level 2.6 Dodging
 - Level 2.6 Stealth
 * Level 2.2 Spellcasting
 + Level 1.0 Conjurations
 * Level 2.8 Air Magic


You had 3 spell levels left.
You knew the following spells:

 Your Spells              Type           Power      Damage    Failure   Level
a - Shock                 Conj/Air       32%        1d5       9%          1

Your spell library contained the following spells:

 Spells                   Type           Power      Damage    Failure   Level
 Static Discharge         Conj/Air       8%         N/A       14%         2
 Swiftness                Air            10%        N/A       19%         3
 Airstrike                Air            5%         N/A       52%         4


Dungeon Overview and Level Annotations

Branches:
Dungeon (1/15)

Altars:


Innate Abilities, Weirdness & Mutations

You have sharp claws.
You have razor-sharp teeth.
You have supernaturally acute eyesight. (SInv)
You cover ground quickly. (Speed+)
You are covered in fur. (AC +1)
Your paws help you pounce on unaware monsters.
You are incapable of wielding weapons or throwing items.
You cannot wear armour.
You gain extra lives every three experience levels.


Message History

e - a cyan potion You now have 19 gold pieces (gained 10).
Found a scroll labelled KEOWKAU PYTZ.
f - a scroll labelled KEOWKAU PYTZ
g - 2 amethyst potions
Found a faded altar of an unknown god.
There is a faded altar of an unknown god here.
There is an empty arch of ancient stone here.
There is a dry fountain here.
A jackal comes into view.
A jackal is nearby!
A jackal is nearby!
Aim: a jackal (asleep, 100% to hit)
The zap hits the jackal.
A jackal comes into view.
Aim: a jackal (moderately wounded, 60% to hit)
The zap hits the jackal.
The jackal barks!
Aim: a jackal (severely wounded, 60% to hit)
The zap hits the jackal.
Aim: a jackal (almost dead, 60% to hit)
The zap hits the jackal.
You kill the jackal!
The zap hits the jackal.
You don't have enough magic to cast this spell.
You don't have enough magic to cast this spell.
A jackal comes into view.
You miss the jackal. The jackal closely misses you. The jackal bites you.
You barely miss the jackal.
The jackal barks!
You bite the jackal, but do no damage. The jackal bites you.
The jackal bites you.
* * * LOW HITPOINT WARNING * * *
The jackal barely misses you.
Aim: a jackal (heavily wounded, 60% to hit)
The zap misses the jackal. x2; The jackal misses you.
You barely miss the jackal. The jackal bites you.
* * * LOW HITPOINT WARNING * * *
The jackal barely misses you.
You barely miss the jackal. The jackal completely misses you.
You scratch the jackal.
You kill the jackal!
The jackal closely misses you.
You completely miss the jackal. You bite the jackal.
The jackal completely misses you.
You closely miss the jackal. The jackal completely misses you.
The jackal barely misses you.
You closely miss the jackal. The jackal barely misses you.
You closely miss the jackal. The jackal bites you.
You die...

#⌠.8..#.#####...........#### ####
##..8.#.........#.##.#.##########
#_#...#..........................
.#∩#⌠#............##..######.....
..###.........................##.
8.⌠#.........##...............#..
..##.........##.####.#...........
##.############h####.#...........
### #....@..#.#........###
#.......#.##..###### #
#............## ######
#####..##.#######.....
#.###.###.....####
####.#.......##### #.
........###### ... #######.# .#.
#.# #.


You could see a jackal.

Vanquished Creatures
  An endoplasm (D:1)
  2 goblins (D:1)
  2 jackals (D:1)
5 creatures vanquished.

Notes
Turn   | Place    | Note
-------+----------+-------------------------------------------
     0 | D:1      | vurker the Felid Air Elementalist began the quest for the
                  | Orb.
     0 | D:1      | Reached XP level 1. HP: 7/7 MP: 4/4
   145 | D:1      | Reached skill level 1 in Conjurations
   352 | D:1      | Found a faded altar of an unknown god.
   417 | D:1      | Slain by a jackal

Illustrated notes

Levels and vault maps discovered:
D:1:      ebering_hopf_link, layout_rooms, shapermc_ecumenical_altar_venn

Skill      XL: |  1 |
---------------+----+-----
Conjurations   | 1 |  1.0
Fighting       | |  0.3
Dodging        | |  2.6
Stealth        | |  2.6
Spellcasting   | |  2.2
Air Magic      | |  2.8

Action                   || total
-------------------------++-------
Melee: Unarmed           ||     9
       Bite              ||     2
 Cast: Shock             ||    13
Dodge: Dodged            ||    10

Table legend: (Time is in decaauts)
 A = Elapsed time spent in this place.
 B = Non-inter-level travel time spent in this place.
 C = Inter-level travel time spent in this place.
 D = Time resting spent in this place.
 E = Time spent auto-exploring this place.
 F = Levels seen in this place.
 G = Mean time per level.
                   A        B        C        D        E       F      G
               +--------+--------+--------+--------+--------+-----+--------+
         Total |    358 |    358 |      0 |      0 |    303 |   1 |  358.0 |
       Dungeon |    358 |    358 |      0 |      0 |    303 |   1 |  358.0 |
               +--------+--------+--------+--------+--------+-----+--------+

Top non-repeatable levels by time:
     D:1: 358 daAuts
